AoeStats
← 寶島亀逃玩

MegaRandom

503860397Analyzed
3v3 RM · 1mo ago on Sep 2, 2026· 45m 40s· 6 players
Game mode
Random Map
Map size
Normal (6 player)
Population
200
Speed
Normal
Resources
Standard
Victory
Conquest
Starting age
Dark Age
Ending age
Imperial Age
RankedLock teamsTeams togetherTeam positionsShared explorationLock speedFull tech treeHidden civsTurbo modeCheats
Victory
Defeat
🇩🇪 Ethiopians · Germany
1085
+13
🇳🇱 Britons · Netherlands
1064
+14
🇵🇱 Byzantines · Poland
1060
+14
🇹🇼 Huns · Taiwan
1045
-15
🇫🇷 Bengalis · France
1012
-13
🇨🇳 Khmer · China
993
-13
寶島亀逃玩
0:26 Loom
12:02 Feudal Age
16:49 Castle Age
16:29 Double-Bit Axe
36:22 Imperial Age
35:22 Wheelbarrow
34:55 Horse Collar
35:36 Marauders
35:50 Forging
36:33 Hand Cart
38:27 Heavy Plow
39:02 Bloodlines
38:54 Husbandry
38:15 Light Cavalry
39:19 Elite Tarkan
40:52 Iron Casting
40:27 Scale Barding Armor
40:29 Town Watch
40:48 Caravan
40:58 Gold Mining
41:22 Bow Saw
43:11 Blast Furnace
44:57 Gold Shaft Mining
Shakly
11:24 Feudal Age
13:15 Loom
14:03 Horse Collar
22:45 Castle Age
23:50 Double-Bit Axe
24:15 Husbandry
24:27 Bloodlines
23:43 Elite Skirmisher
37:50 Imperial Age
36:15 Redemption
37:33 Devotion
38:45 Paiks
39:28 Conscription
39:39 Caravan
40:35 Heavy Plow
43:31 Elite Battle Elephant
林北干林娘。
0:29 Loom
10:53 Feudal Age
11:32 Double-Bit Axe
21:04 Castle Age
18:51 Fishing Lines
21:13 Scale Barding Armor
21:37 Horse Collar
22:09 Bow Saw
24:10 Gold Mining
25:17 Town Watch
28:16 Imperial Age
27:14 Forging
28:10 Town Watch
30:57 Wheelbarrow
30:22 Town Patrol
31:36 Gold Shaft Mining
31:03 Heavy Plow
38:29 Conscription
43:27 Gillnets
44:11 Chain Barding Armor
43:53 Padded Archer Armor
44:42 Bloodlines
43:53 Light Cavalry
tiwaz55
8:45 Loom
10:45 Feudal Age
12:16 Wheelbarrow
11:30 Double-Bit Axe
13:38 Gold Mining
16:59 Fishing Lines
23:04 Castle Age
20:33 Man-at-Arms
22:42 Fletching
23:24 Long Swordsman
24:27 Medium Warships
24:35 Hand Cart
25:45 Gold Shaft Mining
25:34 Arson
26:04 Forging
27:21 Caravan
27:37 Squires
28:50 Pikeman
30:15 Iron Casting
29:46 Stone Mining
30:43 Sanctity
30:34 Fervor
30:51 Gillnets
31:52 Redemption
31:55 Scale Mail Armor
36:21 Imperial Age
34:14 Bow Saw
34:45 Guard Tower
37:03 Halberdier
38:29 Chain Mail Armor
38:11 Treadmill Crane
38:30 Murder Holes
38:34 Horse Collar
40:22 Plate Mail Armor
41:39 Bodkin Arrow
44:16 Conscription
44:21 Guilds
44:55 Scale Barding Armor
Bloodfire
7:42 Loom
9:47 Feudal Age
8:07 Loom
15:02 Castle Age
13:22 Double-Bit Axe
21:04 Squires
22:01 Bow Saw
23:23 Horse Collar
25:43 Fletching
25:54 Padded Archer Armor
26:01 Thumb Ring
26:48 Crossbowman
27:42 Gold Mining
27:52 Stone Mining
28:57 Wheelbarrow
30:21 Ballistics
37:10 Imperial Age
36:15 Gold Shaft Mining
35:48 Heavy Plow
38:25 Conscription
38:02 Arbalester
38:47 Bodkin Arrow
42:12 Two-Man Saw
41:35 Leather Archer Armor
41:32 Forging
41:23 Scale Mail Armor
42:35 Halberdier
42:40 Capped Ram
44:41 Chemistry
44:20 Iron Casting
43:45 Bracer
KontKorst123
7:54 Loom
11:04 Feudal Age
15:52 Castle Age
15:28 Double-Bit Axe
15:29 Horse Collar
17:45 Wheelbarrow
19:00 Heavy Plow
19:15 Bow Saw
27:09 Gold Mining
27:11 Stone Mining
27:12 Fletching
31:01 Imperial Age
29:03 Bodkin Arrow
29:45 Padded Archer Armor
31:12 Leather Archer Armor
31:33 Caravan
32:48 Gold Shaft Mining
32:04 Elite Longbowman
33:44 Conscription
34:13 Bracer
34:15 Scale Mail Armor
34:25 Forging
34:41 Ballistics
35:46 Yeomen
36:32 Ring Archer Armor
36:13 Forging
35:25 Pikeman
36:06 Squires
35:51 Arson
38:19 Chemistry
37:30 Masonry
39:00 Warwolf
39:29 Onager
43:51 Coinage
43:08 Capped Ram
44:20 Chain Mail Armor
44:40 Iron Casting
46:11 Siege Engineers
46:37 Architecture
45:48 Treadmill Crane
46:44 Banking
Connection lost

Rejoining the realm…

Still unreachable

The connection could not be restored.

Session expired

The server has moved on; the page needs a fresh start.